 Dungeon Crawl Stone Soup version 0.19-a0-994-g3c636f0 (webtiles) character file.

185 Leszczynek the Vexing (level 5, -23/37 HPs)
             Began as a Human Enchanter on July 17, 2016.
             Was an Initiate of Gozag.
             Annihilated by an ogre
             ... wielding a +0 giant club
              (28 damage)
             ... on level 5 of the Dungeon.
             The game lasted 00:17:24 (2617 turns).

Leszczynek the Vexing (Human Enchanter)             Turns: 2617, Time: 00:17:24

Health: -23/37     AC:  6    Str:  9    XL:     5   Next: 96%
Magic:  8/8        EV: 10    Int: 16    God:    Gozag
Gold:   213        SH:  0    Dex: 13    Spells: 2 memorised, 4 levels left

rFire  . . .     SeeInvis .     f - +0 flail
rCold  . . .     Gourm    .     o - +0 ring mail
rNeg   . . .     Faith    .     (no shield)
rPois  .         Spirit   .     (no helmet)
rElec  .         Dismiss  .     (no cloak)
rCorr  .         Reflect  .     e - +0 pair of gloves
SustAt .         Harm     .     (no boots)
MR     .....                    (no amulet)
Stlth  ++........               (no ring)
                                (no ring)

@: fainting, not resistant to hostile enchantments, unstealthy
A: no striking features
a: Potion Petition, Call Merchant, Bribe Branch, Renounce Religion


You were on level 5 of the Dungeon.
You worshipped Gozag.
Gozag was aware of your devotion.
You were fainting.

You visited 1 branch of the dungeon, and saw 5 of its levels.

You collected 213 gold pieces.

Inventory:

Hand Weapons
 a - a +1 dagger
 f - a +0 flail (weapon)
 k - a +0 whip
 s - a +0 hunting sling
Missiles
 d - 18 poisoned needles
Armour
 b - a +1 robe
 e - a +0 pair of gloves (worn)
 o - a +0 ring mail (worn)
Magical Staves
 t - an uncursed staff of power
Scrolls
 g - a scroll of blinking {unknown}
 h - a scroll of amnesia {unknown}
 i - 3 scrolls of remove curse {unknown}
 j - 5 scrolls of identify {unknown}
 l - 2 scrolls of recharging {unknown}
 p - a scroll of enchant weapon {unknown}
 q - 2 scrolls of teleportation {unknown}
Potions
 m - a potion of magic
 n - a potion of beneficial mutation {unknown}
Books
 c - a book of Maledictions

   Spells                             Type                      Level
   a - Corona                         Hexes                        1
   b - Ensorcelled Hibernation        Hexes/Ice                    2
   c - Confuse                        Hexes                        3
   d - Tukima's Dance                 Hexes                        3
   e - Dazzling Spray                 Conjuration/Hexes            3


   Skills:
 - Level 1.6 Fighting
 - Level 1.0 Short Blades
 * Level 3.2 Maces & Flails
 - Level 2.0 Dodging
 - Level 3.0 Stealth
 - Level 2.0 Spellcasting
 - Level 4.6 Hexes


You had 4 spell levels left.
You knew the following spells:

 Your Spells              Type           Power        Failure   Level  Hunger
a - Corona                Hex            ###....      10%         1    #......
b - Confuse               Hex            ###.....     28%         3    ###....


Dungeon Overview and Level Annotations

Branches:
Dungeon (5/15)
 Temple: D:4-7

Altars:
Gozag

Annotations:
D:2 Ijyb
D:4 Dowan, Menkaure


Message History

There is a stone staircase leading down here.
You climb downwards.
You lose consciousness!
The ogre barely misses you. The ogre hits you with a giant club!
* * * LOW HITPOINT WARNING * * *
The iguana hisses angrily.
The ogre hits you with a giant club.
* * * LOW HITPOINT WARNING * * *
The ogre hits you with a giant club.
* * * LOW HITPOINT WARNING * * *
The ogre barely misses you.
You can move again.
There is a stone staircase leading up, spattered with blood here.
Unknown command.
An iguana and a hound come into view.
The ogre hits you with a giant club!!
Ouch! That really hurt!
You die...
Your body crumbles into a pile of gold.

#######
##.....##
##.......##
#.........#
#.......O.#
#......O<.#
#....l.@..#
#...<.....#
##...%...##
#.........
#.......[..
#.........?#
#.....h.....
#....l....##.


You could see 2 ogres, 2 iguanas and a hound (wandering).

Vanquished Creatures
  A centaur (D:4)
  4 adders
  An ooze (D:3)
  3 dart slugs
  2 giant geckos
  4 orcs
  3 giant cockroaches
  7 goblins
  5 hobgoblins
  6 kobolds (D:1)
  2 quokkas
  A ball python (D:3)
  A bat (D:1)
  4 giant newts (D:1)
  10 rats
54 creatures vanquished.

Notes
Turn   | Place    | Note
-------+----------+-------------------------------------------
     0 | D:1      | Leszczynek the Human Enchanter began the quest for the Orb.
     0 | D:1      | Reached XP level 1. HP: 13/13 MP: 3/3
   221 | D:1      | Reached XP level 2. HP: 19/19 MP: 3/5
   526 | D:1      | Reached skill level 4 in Hexes
   526 | D:1      | Reached XP level 3. HP: 20/24 MP: 4/6
   567 | D:1      | Learned a level 3 spell: Confuse
   774 | D:2      | Found a faded altar of an unknown god.
  1050 | D:2      | Noticed Ijyb
  1594 | D:2      | Reached XP level 4. HP: 30/30 MP: 7/7
  1896 | D:2      | Reached skill level 1 in Fighting
  1931 | D:2      | Became a worshipper of Gozag Ym Sagoz the Greedy
  2151 | D:3      | Reached skill level 1 in Maces & Flails
  2153 | D:3      | HP: 3/32 [orc/flail (7)]
  2290 | D:3      | Reached XP level 5. HP: 37/37 MP: 8/8
  2341 | D:4      | Noticed Menkaure
  2359 | D:4      | Noticed Dowan
  2428 | D:4      | look at all this permafood
  2428 | D:4      | i'll literally starve to death
  2438 | D:4      | Noticed a centaur
  2442 | D:4      | or not, that centaur will kill me
  2461 | D:4      | Killed a centaur
  2461 | D:4      | Reached skill level 3 in Maces & Flails
  2550 | D:5      | Entered Level 5 of the Dungeon
  2550 | D:5      | Noticed an ogre
  2550 | D:5      | Noticed an ogre
  2561 | D:4      | bread ration, protected by 2 ogres
  2561 | D:4      | what's even the point
  2564 | D:4      | Paralysed by fainting for 11 turns
  2599 | D:4      | Paralysed by fainting for 12 turns
  2612 | D:5      | Paralysed by fainting for 5 turns
  2617 | D:5      | Annihilated by an ogre

Vault maps used:
D:1:      eino_arrival_water_cross, grunt_decor_arrowhead,
          kennysheep_another_room, hangedman_decor_growths, minmay_bisected
D:2:      ecumenical_altar_1, minmay_misc_feat_iff, roderic_lattice_a,
          minmay_ruptured, uniq_iyjb, uniq_crazy_yiuf_cottage
D:3:      lemuel_coloured_pillars_altar, nicolae_overflow_hidden_temple
D:4:      kennysheep_vampire_church, uniq_duvessa, uniq_menkaure, uniq_edmund
D:5:      eat_drink_and_be_merry_uskayaw, serial_shops, shop, first_bread,
          solitary_fountain, okawaru_altar_gauntlet_db, uniq_eustachio

Skill      XL: |  1  2  3  4  5 |
---------------+----------------+-----
Hexes          | 4 |  4.6
Fighting       | 1 |  1.6
Maces & Flails | 1 3 |  3.2
Short Blades   | |  1.0
Dodging        | |  2.0
Stealth        | |  3.0
Spellcasting   | |  2.0

Action                   |  1- 3 |  4- 6 || total
-------------------------+-------+-------++-------
Melee: Dagger            |   139 |    55 ||   194
       Flail             |       |    37 ||    37
       Whip              |       |    13 ||    13
 Cast: Corona            |    23 |     7 ||    30
       Confuse           |     6 |     7 ||    13
Invok: Potion Petition   |       |     1 ||     1
  Use: Potion            |     1 |     8 ||     9
 Stab: Sleeping          |     4 |       ||     4
       Confused          |     3 |       ||     3
  Eat: Chunk             |     2 |       ||     2
       Bread ration      |     1 |       ||     1
Armor: Robe              |    26 |    16 ||    42
       Ring mail         |       |    12 ||    12
Dodge: Dodged            |    66 |    98 ||   164
